 Dungeon Crawl Stone Soup version 0.31-a0-177-g4aa6249778 (webtiles) character file.

Game seed: 6606808185067699648

139 qw the Chopper (level 5, 0/32 HPs)
             Began as a Gargoyle Fighter on June 17, 2023.
             Slain by Natasha (5 damage)
             ... on level 2 of the Dungeon.
             The game lasted 00:00:45 (1337 turns).

qw the Chopper (Gargoyle Fighter)                   Turns: 1337, Time: 00:00:46

Health: 0/32       AC: 10    Str: 22    XL:     5   Next: 22%
Magic:  5/5        EV:  9    Int:  8    God:
Gold:   128        SH:  4    Dex:  9    Spells: 4/4 levels left

rFire   . . .        Y - +0 war axe (heavy)
rCold   . . .        c - +0 buckler
rNeg    + . .        b - +0 scale mail
rPois   inf          (no helmet)
rElec   +            (no cloak)
rCorr   .            (no gloves)
SInv    .            (no boots)
Will    .....        (no amulet) Stlth
                     (no ring)
HPRegen 0.25/turn    (no ring)
MPRegen 0.09/turn

%: no passive effects
@: about to teleport, slowed, very slow
A: sickness immunity, AC +4, negative energy resistance 1, electricity
resistance, torment resistance 1, petrification resistance
a: no special abilities


You were on level 2 of the Dungeon.
You visited 1 branch of the dungeon, and saw 2 of its levels.

You collected 128 gold pieces.


Innate Abilities, Weirdness & Mutations

You are immune to sickness and miasma.
Your stone body is resilient. (AC +4)
You are immune to poison.
You resist negative energy. (rN+)
You are resistant to electric shocks. (rElec)
You are resistant to unholy torment.
You are immune to petrification.


   Skills:
 - Level 3.2 Fighting
 + Level 4.8 Axes
 - Level 3.2 Armour
 - Level 3.2 Shields


You had 4 spell levels left.
You didn't know any spells.
Your spell library was empty.

Inventory:

Hand Weapons
 k - a +0 flail
 Y - a +0 heavy war axe (weapon)
Armour
 b - a +0 scale mail (worn)
 c - a +0 buckler (worn)
Scrolls
 a - a scroll of teleportation
 e - 3 scrolls of immolation {unknown}
 g - a scroll of identify
Potions
 d - a potion of might
 f - a potion of magic {unknown}
 h - a potion of resistance {unknown}
 i - a potion of mutation {unknown}
 j - a potion of brilliance {unknown}

Dungeon Overview and Level Annotations

Branches:
Dungeon (2/15)

Altars:

Annotations:
D:2 1 runed translucent door, Crazy Yiuf, Natasha


Message History

The cerulean imp hits you but does no damage.
Natasha casts a spell at you.
You feel as though you will be slow longer.
The cerulean imp hits you but does no damage.
You barely miss Natasha.
Natasha hisses.
Natasha zaps a wand.
The puff of flame hits you but does no damage.
You block the cerulean imp's attack.
Natasha mumbles some strange words.
Natasha shimmers violently.
Natasha barely misses you. The cerulean imp completely misses you.
Natasha zaps a wand.
The puff of flame hits you.
The cerulean imp hits you but does no damage.
You hit Natasha.
Natasha is lightly wounded.
Natasha closely misses you.
The cerulean imp hits you but does no damage.
Natasha closely misses you. The cerulean imp misses you.
You block Natasha's attack.
The cerulean imp hits you but does no damage.
You hit Natasha but do no damage.
Natasha is lightly wounded.
Natasha barely misses you.
The cerulean imp hits you from afar with a +2 spear.
Natasha claws you but does no damage. The cerulean imp completely misses you.
Natasha stares at you and mumbles some strange words.
The magic dart hits you but does no damage.
You block the cerulean imp's attack.
You closely miss Natasha.
Natasha is lightly wounded.
Natasha claws you but does no damage. You block the cerulean imp's attack.
Natasha claws you!
The cerulean imp hits you from afar with a +2 spear.
1337 ||| READING 2 scrolls of teleportation.
As you read the scroll of teleportation, it crumbles to dust.
You feel strangely unstable. Natasha barely misses you.
You block the cerulean imp's attack. Natasha claws you.
You die...

#.....................#
#..............########
.....#..........## # ...
#..........#
############........##
#~~~¤¤¤~¤~#..........#
....¤¤¤¤.............#
#¤¤~¤¤~¤¤~##.....h5..#
############....@)...#######
#.......................#
###..#..).................#
#.).##..#.................#
##.####....##..#.##........#
.<.##....####....###########
..)......##......#
##..............##
.......##..####.#


You could see Natasha and a cerulean imp (summoned).

Vanquished Creatures
  Jessica (D:2)
  Natasha (twice) (D:2)
  2 adders (D:2)
  A dart slug (D:1)
  5 ball pythons
  3 endoplasms (D:1)
  3 giant cockroaches
  6 goblins
  2 hobgoblins (D:1)
  6 kobolds
  A quokka (D:1)
  5 bats
  2 frilled lizards (D:1)
  3 rats
42 creatures vanquished.

Notes
Turn   | Place    | Note
-------+----------+-------------------------------------------
     0 | D:1      | qw the Gargoyle Fighter began the quest for the Orb.
     0 | D:1      | Reached XP level 1. HP: 14/14 MP: 1/1
     0 | D:1      | 0 ||| qw: Version: 0.3-a-5-g6f28e65
     0 | D:1      | 0 ||| qw: Game counter: 499
     0 | D:1      | 0 ||| qw: Always use a shield: true
     0 | D:1      | 0 ||| qw: God list: Okawaru
     0 | D:1      | 0 ||| qw: Allow faded altars: false
     0 | D:1      | 0 ||| qw: Do Orc after D:15 true
     0 | D:1      | 0 ||| qw: Do second Lair branch before Depths: true
     0 | D:1      | 0 ||| qw: Lair rune preference: random
     0 | D:1      | 0 ||| qw: Plans: Normal, Zot:1-4, Slime:5, God:TSO, Crypt,
                  | Tomb, Abyss, Pan, Hells, Win
     0 | D:1      | 0 ||| PLANNING D:1-11
    72 | D:1      | You fall into a shaft and drop 1 floor!
    92 | D:2      | Reached skill level 2 in Axes
   174 | D:2      | Reached XP level 2. HP: 19/19 MP: 2/2
   207 | D:2      | Noticed Jessica
   212 | D:2      | Killed Jessica
   213 | D:2      | Reached skill level 3 in Axes
   213 | D:2      | Reached XP level 3. HP: 17/23 MP: 3/3
   243 | D:2      | 243 ||| READING scroll labelled KAFOUD VIANO.
   244 | D:2      | 244 ||| READING scroll labelled OTHRESTEMNYU.
   247 | D:2      | 247 ||| READING scroll labelled HIC OWOTHREIN.
   443 | D:1      | Reached XP level 4. HP: 28/28 MP: 4/4
   629 | D:1      | 629 ||| Stepping ~*~*~tactically~*~*~ (stealth).
   637 | D:1      | Reached skill level 4 in Axes
   789 | D:1      | 789 ||| DROPPING +0 club.
   916 | D:1      | 916 ||| READING scroll labelled NOTHRU IZIPING.
  1000 | D:2      | Noticed Natasha
  1007 | D:2      | Killed Natasha
  1073 | D:2      | 1073 ||| DROPPING +0 whip.
  1112 | D:2      | Noticed Natasha
  1113 | D:2      | 1113 ||| Stepping ~*~*~tactically~*~*~ (stealth).
  1115 | D:2      | 1115 ||| Stepping ~*~*~tactically~*~*~ (hiding).
  1125 | D:2      | Killed Natasha
  1126 | D:2      | Reached XP level 5. HP: 15/32 MP: 5/5
  1288 | D:2      | Found a runed translucent door.
  1289 | D:2      | Noticed Crazy Yiuf
  1324 | D:2      | Noticed Natasha
  1336 | D:2      | HP: 5/32 [Natasha (7)]
  1337 | D:2      | 1337 ||| READING 2 scrolls of teleportation.
  1337 | D:2      | Slain by Natasha

Levels and vault maps discovered:
D:1:      minmay_arrival_plants_in_alcoves, layout_basic
D:2:      layout_rooms, amcnicky_mini_rare_corridor_liquid, uniq_natasha,
          uniq_crazy_yiuf_cottage, uniq_jessica

Skill      XL: |  1  2  3  4 |
---------------+-------------+-----
Axes           | 2 3 4 |  4.8
Fighting       | |  3.2
Armour         | |  3.2
Shields        | |  3.2

Action                     |  1- 3 |  4- 6 || total
---------------------------+-------+-------++-------
  Melee: War axe           |    48 |    82 ||   130
    Use: Scroll            |     3 |     2 ||     5
 Armour: Scale mail        |    48 |    79 ||   127
  Dodge: Dodged            |    24 |    56 ||    80
  Block: Buckler           |     6 |    25 ||    31

Table legend:
 A = Non-vault XP
 B = Vault XP
 C = Vault XP percentage of total XP
 D = Non-vault monster count
 E = Vault monster count
 F = Vault count percentage of total count
                 A         B        C        D         E       F
            +---------+---------+-------+---------+---------+-------
      Total |     126 |      73 |  36.7 |      40 |       2 |   4.8
            +---------+---------+-------+---------+---------+-------
        D:1 |      41 |       0 |   0.0 |      25 |       0 |   0.0
        D:2 |      85 |      73 |  46.2 |      15 |       2 |  11.8
            +---------+---------+-------+---------+---------+-------
